cohdb
Replays
Latest Replays
All Replays
Popular Replays
Top Player Replays
Match Explorer
How It Works
Community
CoH3 Stats
Reddit
Sign in to upload your games and track your stats! →
Sign in with Steam
Match 45506547
Unlisted
Match 45506547
Overview
Messages
Build Orders
End
Royal Engineer Section
Construct Section Command Post
Selects Canadian Shock Battlegroup
Infantry Section
Infantry Section
ML 3-inch Mortar Team
Selects Attacking Spirit
Selects Canadian Shock Section
Construct Platoon Command Post
Canadian Shock Section
Humber Armored Car
Selects Incendiary Munitions
Unlock Bishop Self-propelled Artillery
Bishop Self-propelled Artillery
Construct Company Command Post
Crusader II Medium Tank
Grenade Package
Selects Pyrotechnics
Foot Guards Section
matjouz
Hobo
0
0
Comments
sign in to comment!
No comments posted yet!